 Dungeon Crawl Stone Soup version 0.30-a0-950-gbf40cfac39 (webtiles) character file.

Game seed: 10112666842088997513

256 M4edhros the Insei (level 6, -10/41 HPs)
             Began as an Octopode Artificer on Mar 28, 2023.
             Killed by divine providence
             ... invoked by an orc priest
              (12 damage)
             ... on level 5 of the Dungeon.
             The game lasted 00:01:56 (2451 turns).

M4edhros the Insei (Octopode Artificer)             Turns: 2451, Time: 00:01:57

Health: -10/41     AC:  1    Str:  8 (11) XL:     6   Next: 16%
Magic:  6/6        EV: 14    Int: 10 (13) God:
Gold:   153        SH:  0    Dex: 12 (15) Spells: 5/5 levels left

rFire   . . .      SeeInvis .      - Unarmed
rCold   + . .      Faith    .    (no shield)
rNeg    . . .      Spirit   .    (helmet restricted)
rPois   .          Reflect  .    (no amulet)
rElec   .          Rampage  .    e - ring of protection from cold
rCorr   .                        (no ring)
Will    .....                    (no ring)
Stlth   +++                      (no ring)
HPRegen 0.26/turn                (no ring)
MPRegen 0.10/turn                (no ring)
                                 (no ring)
                                 (no ring)

@: no status effects
A: almost no armour, amphibious, 8 rings, camouflage 1, gelatinous body 1,
(nimble swimmer 1), tentacles
a: no special abilities


You were on level 5 of the Dungeon.
You visited 1 branch of the dungeon, and saw 5 of its levels.

You collected 153 gold pieces.

Inventory:

Jewellery
 e - a ring of protection from cold (left tentacle)
 q - a ring of resist corrosion
Wands
 b - a wand of flame (10) (quivered)
 c - a wand of charming (15)
 d - a wand of iceblast (5)
 i - a wand of polymorph (11)
Scrolls
 f - 3 scrolls of identify {unknown}
 g - 2 scrolls of brand weapon {unknown}
 h - 2 scrolls of vulnerability {unknown}
 n - a scroll of poison {unknown}
 o - 3 scrolls of summoning {unknown}
 p - a scroll of torment {unknown}
 s - a scroll of blinking {unknown}
Potions
 a - 2 potions of degeneration
 j - a potion of cancellation {unknown}
 k - 3 potions of haste {unknown}
 l - a potion of brilliance {unknown}
 m - a potion of curing {unknown}
 r - a potion of might {unknown}


   Skills:
 + Level 2.9 Fighting
 + Level 3.8 Dodging
 - Level 1.3 Stealth
 * Level 4.0 Unarmed Combat
 - Level 3.2 Evocations


You had 5 spell levels left.
You didn't know any spells.
Your spell library contained the following spells:

 Spells                   Type           Power      Damage    Failure   Level
 Shock                    Conj/Air       0%         1d3       36%         1
 Swiftness                Air            0%         N/A       75%         3
 Airstrike                Air            0%         2d(0-16)  98%         4


Dungeon Overview and Level Annotations

Branches:
Dungeon (5/15)
 Temple: D:4-7

Altars:
Hepliaklqana
Kikubaaqudgha
Okawaru
Ru

Shops:
D:4 [


Innate Abilities, Weirdness & Mutations

You cannot wear most types of armour.
You are amphibious.
You can wear up to eight rings at the same time.
Your skin changes colour to match your surroundings (Stealth+).
Your rubbery body absorbs attacks. (AC +1, EV +1)
((You are camouflaged when in or above water. (Stealth+)))
You have tentacles for arms and can constrict up to eight enemies at once.


Message History

s - a scroll labelled NOOLAC XUUNECH An orc priest comes into view.
It is wielding a +0 club.
An orc priest is nearby!
An orc comes into view. It is wielding a +0 club.
Found a stone staircase leading up.
An orc comes into view. It is wielding a +0 war axe.
The orc shouts!
The orc priest shouts!
The orc priest miscasts a cantrip.
You tentacle-slap the orc priest but do no damage.
Your grab misses the orc priest. Your squeeze misses the orc priest.
The orc priest closely misses you. The orc hits you with a +0 club.
You tentacle-slap the orc priest. You grab the orc priest.
The orc priest is lightly wounded.
You constrict the orc priest.
The orc priest calls down the wrath of Beogh upon you.
Beogh smites you! The orc barely misses you.
Aiming: Throw Flame
Press: ? - help, Shift-Dir - straight line, f - orc
Aim: an orc, wielding a +0 club (71% to hit)
The puff of flame hits the orc priest.
The orc priest is severely wounded.
You constrict the orc priest.
The orc priest calls down the wrath of Beogh upon you.
Pain shoots through your body!
* * * LOW HITPOINT WARNING * * *
The orc hits you with a +0 club.
* * * LOW HITPOINT WARNING * * *
The orc hits you with a +0 war axe.
* * * LOW HITPOINT WARNING * * *
Unknown command.
Unknown command.
It was a potion of degeneration.
There was something very wrong with that liquid.
You feel weakened.
You feel dopey.
You feel clumsy.
You constrict the orc priest. The orc hits you but does no damage.
The orc hits you with a +0 club.
* * * LOW HITPOINT WARNING * * *
The orc priest mumbles some strange prayers to Beogh against you.
Beogh smites you!
You die...

.### ....## ......#
.......##### ## #
......o.#..#######.##...
......o@...##......#....
....<.o...###...........
...........##...).......
............#....#......
.........##......#......
.........###............
###.....## #...##.......
#####.# #...###......
##.###....###.....


You could see an orc priest and 2 orcs.

Vanquished Creatures
  A scorpion (D:5)
  2 jellies (D:4)
  An iguana (D:4)
  7 adders
  A dart slug (D:2)
  4 ball pythons
  8 bats
  6 endoplasms
  2 giant cockroaches
  5 hobgoblins
  5 quokkas
  A frilled lizard (D:2)
  3 goblins (D:2)
  2 kobolds (D:2)
  2 rats
50 creatures vanquished.

Notes
Turn   | Place    | Note
-------+----------+-------------------------------------------
     0 | D:1      | M4edhros the Octopode Artificer began the quest for the
                  | Orb.
     0 | D:1      | Reached XP level 1. HP: 13/13 MP: 1/1
    95 | D:1      | Reached skill level 1 in Unarmed Combat
    95 | D:1      | Reached XP level 2. HP: 5/18 MP: 2/2
   329 | D:2      | Reached XP level 3. HP: 23/23 MP: 3/3
   489 | D:2      | Reached skill level 2 in Unarmed Combat
   495 | D:2      | Reached XP level 4. HP: 7/29 MP: 4/4
   656 | D:2      | Found a sacrificial altar of Ru.
  1332 | D:4      | Found an ancient bone altar of Kikubaaqudgha.
  1583 | D:4      | Reached skill level 3 in Unarmed Combat
  1583 | D:4      | Reached XP level 5. HP: 34/34 MP: 5/5
  1704 | D:4      | Found Hitsoruxor's Antique Armour Shop.
  1920 | D:4      | Found a hazy altar of Hepliaklqana.
  2040 | D:4      | Found an iron altar of Okawaru.
  2365 | D:5      | Entered Level 5 of the Dungeon
  2384 | D:5      | Reached skill level 4 in Unarmed Combat
  2384 | D:5      | Reached XP level 6. HP: 35/41 MP: 6/6
  2450 | D:5      | HP: 2/41 [orc/+0 war axe (5)]
  2451 | D:5      | Killed from afar by an orc priest

Illustrated notes

Levels and vault maps discovered:
D:1:      amcnicky_arrival_double_pillar, layout_rooms,
          shapermc_ecumenical_altar_mp_highgroup
D:2:      minmay_recursive_quarters, layout_loops_cross, basic_altar,
          minmay_misc_feat_nine_boxes
D:3:      layout_loops_corners, zin_scriptorium, elyvilon_altar_3,
          fedhas_altar_1, grunt_gozag_breadcrumbs
D:4:      layout_basic, mainiacjoe_overflow_alcove_1, okawaru_trees_2,
          lemuel_crystal_altar, serial_shops, shop_statue,
          palyth_stone_intersect, st_stairs_7
D:5:      layout_layer_cave, grunt_dithmenos_smoke_and_mirrors,
          amcnicky_altar_gilded, minmay_temple_entry_statues_fountains,
          kennysheep_generic_room_7

Skill      XL: |  1  2  3  4  5 |
---------------+----------------+-----
Unarmed Combat | 1 2 3 4 |  4.0
Dodging        | 3 |  3.8
Fighting       | 2 |  2.9
Stealth        | |  1.3
Evocations     | |  3.2

Action                     |  1- 3 |  4- 6 || total
---------------------------+-------+-------++-------
  Melee: Unarmed           |    75 |    68 ||   143
         Tentacles         |    15 |    12 ||    27
         Constrict         |    18 |    11 ||    29
         Punch             |     1 |     1 ||     2
  Evoke: Wand              |       |     5 ||     5
    Use: Potion            |       |     1 ||     1
   Stab: Sleeping          |     3 |     8 ||    11
 Armour: Skin              |    11 |     3 ||    14
  Dodge: Dodged            |    58 |    52 ||   110

Table legend: (Time is in decaauts)
 A = Elapsed time spent in this place.
 B = Non-inter-level travel time spent in this place.
 C = Inter-level travel time spent in this place.
 D = Time resting spent in this place.
 E = Time spent auto-exploring this place.
 F = Levels seen in this place.
 G = Mean time per level.
                   A        B        C        D        E       F      G
               +--------+--------+--------+--------+--------+-----+--------+
         Total |   2443 |   2325 |    118 |      0 |   1960 |   5 |  488.6 |
       Dungeon |   2443 |   2325 |    118 |      0 |   1960 |   5 |  488.6 |
               +--------+--------+--------+--------+--------+-----+--------+

Top non-repeatable levels by time:
     D:4: 1099 daAuts
     D:2: 1057 daAuts
     D:1: 110 daAuts
     D:3: 91 daAuts
     D:5: 85 daAuts
